AoeStats
← cory2045

Arabia

510213248Analyzed
2v2 RM · 2d ago on Sep 30, 2026· 40m 42s· 4 players
Game mode
Random Map
Map size
Medium (4 player)
Population
200
Speed
Normal
Resources
Standard
Victory
Conquest
Starting age
Dark Age
Ending age
Imperial Age
RankedLock teamsTeams togetherTeam positionsShared explorationLock speedFull tech treeHidden civsTurbo modeCheats
Victory
Defeat
🇨🇱 Persians · Chile
1414
+15
🇦🇷 Chinese · Argentina
1372
+17
🇨🇴 Persians · Colombia
1477
-20
🇺🇸 Saxons · United States
1306
-12
El Osicudo69
0:32 Loom
9:32 Feudal Age
10:04 Double-Bit Axe
15:18 Fletching
23:04 Horse Collar
27:12 Castle Age
26:11 Padded Archer Armor
27:18 Crossbowman
27:55 Bodkin Arrow
29:00 Leather Archer Armor
29:20 Ballistics
32:24 Wheelbarrow
31:58 Thumb Ring
32:44 Gold Mining
36:43 Bow Saw
40:50 Imperial Age
_Ctm_NeO_
5:55 Loom
8:37 Feudal Age
9:08 Double-Bit Axe
15:11 Scale Barding Armor
15:31 Horse Collar
21:29 Castle Age
20:06 Forging
21:05 Bloodlines
22:28 Chain Barding Armor
26:37 Iron Casting
31:33 Husbandry
31:22 Town Watch
35:36 Wheelbarrow
39:20 Imperial Age
37:07 Gold Mining
39:03 Heavy Camel Rider
41:34 Plate Barding Armor
FC_diana2501
6:25 Loom
8:51 Feudal Age
9:27 Double-Bit Axe
10:08 Horse Collar
18:25 Wheelbarrow
21:44 Castle Age
19:53 Gold Mining
20:14 Bloodlines
20:54 Forging
20:50 Scale Barding Armor
22:35 Bow Saw
23:38 Iron Casting
26:12 Chain Barding Armor
29:43 Heavy Plow
32:26 Husbandry
cory2045
7:03 Loom
9:20 Feudal Age
9:23 Man-at-Arms
19:46 Double-Bit Axe
20:25 Horse Collar
21:15 Padded Archer Armor
21:07 Fletching
21:19 Padded Archer Armor
21:33 Town Watch
21:51 Padded Archer Armor
22:30 Wheelbarrow
26:16 Castle Age
26:29 Crossbowman
27:47 Thumb Ring
28:45 Bodkin Arrow
33:03 Elite Skirmisher
Connection lost

Rejoining the realm…

Still unreachable

The connection could not be restored.

Session expired

The server has moved on; the page needs a fresh start.